Map: Terraform LE (Void)

Players

zecrum

  • Race: Zerg Zerg
  • League: Silver

Divain - Winner!

  • Race: Terran Terran
  • League: Grandmaster

VOD

Have the link to the VOD?

Description

Time

  • Played on: Aug. 5, 2015, 1:01 p.m.
  • Length: 20:16
Show
View Real Time Build Order
Export as new Build Order

zecrum Zerg 

Build Orders: Hatch First, Lurkers 

Get SALT Encoding   

  12  0:01  Drone  
  13  0:09  Drone  
  14  0:16  Extractor x2  
  14  0:18  Drone  
  13  0:23  Drone  
  16  0:45  Hatchery  
  15  0:50  Overlord  
  15  1:04  Spawning Pool  
  15  1:09  Drone  
  15  1:12  Drone  
  15  1:15  Drone  
  17  1:22  Drone  
  18  1:35  Extractor  
  18  1:36  Drone  
  18  1:45  Overlord  
  18  1:56  Queen  
  18  1:58  Queen  
  18  2:01  Zergling x4  
  24  2:06  Drone  
  25  2:16  Drone x2  
  27  2:24  Drone  
  27  2:25  Drone  
  29  2:45  Drone x3  
  29  2:47  Drone  
  33  2:58  Drone x2  
  33  3:00  Hatchery  
  34  3:06  Drone  
  34  3:08  Drone  
  36  3:34  Overlord  
  36  3:35  Overlord x2  
  36  3:42  Extractor x2  
  36  3:43  Extractor  
  36  3:44  Drone x3  
  36  3:54  Evolution Chamber  
  36  3:55  Evolution Chamber, Drone x7  
  41  4:05  Drone x3  
  41  4:06  Drone x2  
  46  4:13  Drone  
  46  4:14  Drone x2  
  49  4:18  Metabolic Boost  
  49  4:24  Zerg Ground Armor Level 1  
  49  4:31  Drone  
  50  4:33  Queen  
  52  4:39  Roach Warren  
  52  4:45  Drone  
  52  4:48  Zerg Missile Weapons Level 1  
  52  4:50  Drone  
  53  5:06  Zergling x2  
  51  5:07  Zergling x12  
  56  5:20  Roach x5  
  51  5:43  Drone x7  
  51  5:45  Lair  
  58  5:50  Drone  
  58  5:51  Drone x4  
  63  5:58  Ravager x2  
  63  6:00  Overlord x2  
  65  6:19  Drone x13  
  78  6:34  Roach  
  80  6:45  Drone, Hydralisk Den  
  80  6:47  Overlord, Extractor  
  80  6:48  Overlord x2  
  80  6:49  Extractor  
  78  6:56  Ravager x3  
  81  7:04  Overlord x3  
  81  7:07  Zergling x14  
  81  7:08  Zergling x14  
  86  7:30  Drone x2  
  86  7:31  Drone x6  
  86  7:36  Zerg Ground Armor Level 2, Zerg Missile Weapons Level 2  
  94  7:39  Drone x5  
  96  7:54  Hatchery  
  94  8:05  Overseer  
  82  8:31  Spore Crawler  
  81  8:35  Zergling x2  
  81  8:36  Zergling x10  
  81  8:37  Hydralisk x5, Zergling x4  
  81  8:38  Hydralisk x7  
  110  8:49  Lurker Den  
  100  8:56  Drone x6  
  73  9:33  Hydralisk x5  
  73  9:34  Hydralisk x5  
  73  9:35  Zergling x6  
  73  9:36  Zergling x4  
  98  9:41  Drone  
  98  9:42  Drone x2  
  101  10:26  Hatchery  
  100  10:32  Lurker x2  
  100  10:33  Lurker x6  
  100  10:34  Lurker  
  109  10:36  Drone  
  109  10:37  Drone x4  
  109  10:38  Hydralisk  
  109  10:39  Hydralisk x4  
  124  10:43  Drone  
  124  10:45  Overlord  
  109  11:43  Hydralisk x5  
  109  11:45  Hydralisk  
  117  12:26  Hydralisk  
  117  12:27  Hydralisk x8  
  117  12:28  Hydralisk x3  
  141  12:41  Pneumatized Carapace  
  141  12:56  Drone x2  
  143  13:02  Spore Crawler, Spine Crawler x2  
  143  13:03  Drone x4, Spine Crawler  
  143  13:04  Hatchery, Spine Crawler  
  143  13:05  Overlord x4, Spine Crawler  
  139  13:22  Queen  
  131  14:27  Drone x7  
  131  14:28  Drone x3  
  135  15:06  Hydralisk  
  135  15:07  Hydralisk x19  
  137  15:10  Overlord x3  
  173  15:34  Hatchery  
  122  16:55  Hydralisk x3  
  122  16:56  Hydralisk x7  
  142  17:01  Infestation Pit  
  142  17:02  Muscular Augments  
  132  17:37  Lurker x2  
  132  17:38  Lurker x8  
  132  17:39  Lurker  
  81  18:49  Hydralisk  
  77  18:56  Hydralisk  
  77  18:57  Hydralisk  
Show
View Real Time Build Order
Export as new Build Order

Divain Terran - Winner!

Build Orders: Reaper Expand, MMM Bio 

Get SALT Encoding   

  12  0:03  SCV  
  13  0:15  SCV  
  13  0:18  Supply Depot  
  14  0:27  SCV  
  15  0:40  SCV  
  15  0:42  Barracks  
  16  0:46  Refinery  
  16  0:52  SCV  
  17  1:04  SCV  
  18  1:17  SCV  
  19  1:30  Reaper, Orbital Command  
  20  1:41  Command Center  
  20  1:58  SCV  
  21  2:03  Reaper  
  22  2:11  SCV  
  23  2:19  Command Center  
  23  2:28  Supply Depot  
  23  2:44  Factory  
  23  2:48  Barracks Reactor  
  23  2:49  SCV  
  24  2:55  Orbital Command  
  24  2:59  Barracks  
  24  3:05  Barracks  
  23  3:24  SCV x2  
  26  3:33  Orbital Command  
  24  3:36  SCV  
  24  3:37  Refinery, Engineering Bay  
  24  3:38  SCV  
  26  3:43  Hellion  
  26  3:46  Reaper  
  29  3:48  SCV  
  29  3:49  Barracks Reactor  
  29  3:53  SCV  
  31  4:01  Barracks Tech Lab  
  31  4:03  Hellion  
  31  4:04  Hellion  
  31  4:05  SCV x2  
  37  4:14  SCV  
  38  4:23  Stimpack  
  38  4:25  Hellion x2  
  38  4:28  SCV x2  
  38  4:29  SCV, Marine x2  
  48  4:37  Starport  
  47  4:40  SCV  
  47  4:41  SCV x2  
  47  4:44  Barracks Reactor, Marine  
  51  4:47  Marine x2  
  51  4:48  Refinery  
  51  4:49  Refinery  
  51  4:50  Bunker  
  53  4:52  SCV  
  53  4:53  SCV  
  55  5:07  Marine x3  
  58  5:23  Marine x2  
  58  5:25  Marine  
  58  5:28  Marine x2  
  61  5:29  Supply Depot, Starport Reactor  
  56  5:38  SCV x2  
  56  5:39  SCV  
  56  5:41  Marine x2  
  57  5:42  Marine  
  57  5:45  Supply Depot  
  57  5:46  Marine x2  
  57  5:48  Orbital Command  
  60  5:50  Supply Depot x2  
  60  5:52  Barracks x2  
  60  5:53  Widow Mine x2  
  60  5:54  Supply Depot  
  60  5:55  SCV  
  66  5:57  Terran Infantry Weapons Level 1  
  66  5:59  Marine x2  
  66  6:00  Marine  
  66  6:04  Marine  
  69  6:06  Marine  
  70  6:16  SCV x2  
  70  6:17  Marine x2  
  74  6:22  Engineering Bay  
  74  6:23  Marine x2  
  74  6:24  Marine  
  74  6:25  Medivac x2  
  81  6:26  Armory  
  81  6:28  SCV  
  81  6:29  Orbital Command  
  82  6:35  SCV  
  82  6:40  SCV  
  82  6:42  Marine x3  
  82  6:43  Barracks Reactor  
  82  6:44  Barracks Tech Lab  
  86  6:47  SCV, Factory  
  86  6:51  Marine x2  
  86  6:52  Factory  
  89  6:56  Medivac x2  
  89  6:59  SCV  
  89  7:00  Marine x3  
  95  7:19  Marine x4  
  87  7:27  Marine x4  
  87  7:32  Factory Tech Lab  
  87  7:36  Terran Infantry Armor Level 1, Terran Vehicle Weapons Level 1  
  87  7:37  Factory Tech Lab, Marine x2  
  87  7:39  SCV  
  87  7:43  Command Center, SCV x2, Marine x2  
  87  7:44  Refinery  
  94  7:45  Refinery, Marine x2  
  94  7:49  Marine x2  
  98  7:52  SCV  
  98  7:55  SCV, Marine  
  101  7:59  Terran Infantry Weapons Level 2  
  101  8:01  Supply Depot  
  101  8:22  SCV, Marine x3  
  101  8:23  SCV, Marauder, Marine x4  
  106  8:29  Medivac  
  108  8:39  Marine  
  109  8:44  Supply Depot  
  109  8:47  Supply Depot, Marine  
  109  8:48  Marine x2  
  109  8:49  Factory, Marine x2  
  109  8:50  Marine  
  109  8:51  SCV  
  109  8:53  Marauder  
  109  8:54  SCV, Combat Shields  
  109  8:55  Medivac  
  110  8:57  Marine  
  110  8:58  Medivac  
  113  9:05  Marine  
  113  9:06  Marine x3  
  113  9:07  Marine  
  113  9:08  Marine  
  119  9:14  Marine  
  119  9:15  Marine  
  115  9:23  Marine x2  
  115  9:24  Marine x2  
  101  9:25  Marine x2, Medivac  
  100  9:32  Factory Tech Lab, Marauder  
  100  9:33  Siege Tank x2, Marine  
  107  9:40  Marine  
  107  9:41  Marine  
  107  9:42  Marine x2  
  111  9:50  Marine x2  
  111  9:51  Marine  
  114  9:53  Marine  
  114  9:58  Marine  
  114  9:59  Marine x2  
  117  10:00  Marine  
  117  10:05  Siege Tank x2  
  125  10:16  Marine x2  
  125  10:18  Marine x3  
  121  10:24  Terran Infantry Armor Level 2, Marine x3  
  114  10:28  Liberator  
  114  10:31  Command Center  
  114  10:33  Marine  
  115  10:37  Siege Tank x2  
  124  10:51  Supply Depot  
  124  11:10  Command Center  
  124  11:11  Marine  
  124  11:12  Marine x5  
  124  11:13  Siege Tank, Concussive Shells  
  133  11:30  Terran Vehicle Weapons Level 2  
  133  11:42  Marine x2  
  133  11:43  Siege Tank, Marine x6  
  133  11:46  Liberator  
  144  11:47  Liberator  
  144  12:00  Marine  
  144  12:01  Marauder  
  141  12:10  Marine  
  141  12:11  Marine x4  
  146  12:21  Siege Tank  
  148  12:24  SCV  
  148  12:30  Planetary Fortress, Starport, Liberator x2  
  148  12:32  Starport  
  148  12:42  Siege Tank x2  
  160  12:51  SCV  
  161  13:16  Marine x4  
  162  13:29  Liberator  
  162  13:30  Liberator  
  163  13:41  Marauder  
  160  14:19  Marine x3  
  160  14:20  Terran Infantry Weapons Level 3  
  160  14:23  Terran Infantry Armor Level 3  
  163  14:25  Terran Vehicle Weapons Level 3  
  163  14:34  Supply Depot  
  163  14:35  Supply Depot  
  162  14:56  Siege Tank, Marine x2  
  162  14:57  Marine, Marauder  
  162  15:16  Medivac  
  164  15:27  Supply Depot  
  164  15:32  Command Center  
  163  15:48  Siege Tank, Medivac  
  167  16:18  Siege Tank  
  170  16:35  Siege Tank  
  152  16:44  Marine x5  
  152  16:45  Siege Tank  
  160  16:47  Planetary Fortress  
  160  16:50  Siege Tank  
  163  17:15  Marine x4  
  164  17:16  Marine x2  
  164  17:17  Terran Vehicle And Ship Armor Level 1  
  164  17:18  Neosteel Frame  
  164  17:20  SCV  
  164  17:21  Orbital Command  
  170  17:26  Missile Turret x2  
  170  17:29  Siege Tank  
  176  17:30  Siege Tank x2  
  176  17:33  Missile Turret  
  179  17:37  Refinery  
  179  17:38  Refinery  
  179  18:13  Marine  
  179  18:14  Marine x3  
  140  18:51  Siege Tank  
  140  18:52  Siege Tank  
  125  19:29  Command Center  
Tags
 
Add a new tag
Caveats
  • Supply blocks, unpowered buildings, or Contaminate may cause inaccurate times.
  • Supply counts are checked every 10 seconds.